Zazza, neutral female human Tourist ---------- -- |........| .. |........-## |........|## --.-.-----# # # # ### # # ### #########@# ##D ---------.--- # |...........| ---------------- ##.............#################|..............| |......)....| #-..............| |............ |...........<..| |...........| ---------------- |...........| ------------- Zazza the Sightseer Experience level: 3 Strength: 10 Dexterity: 9 Constitution: 18 Intelligence: 15 Wisdom: 7 Charisma: 18 Health: 0(22) Energy: 9(9) Def: 8 Gold: 677 Moves: 3821 Dungeon seed: D1z-mBFzaEpJaLzw Game ID: Zazza_1619377853 Your Inventory: Coins $ - 677 gold pieces Weapons s - a +0 elven dagger (weapon in hand) S - a +0 scimitar T - 30 +2 darts Armor e - an uncursed +0 Hawaiian shirt (being worn) q - an uncursed +0 pair of water walking boots (being worn) r - an uncursed +0 dwarvish mithril-coat (being worn) z - an uncursed +0 orcish helm (being worn) Comestibles c - 3 uncursed food rations U - 3 uncursed tripe rations Potions R - an uncursed potion of extra healing Wands p - a wand of cold (0:4) v - a wand of secret door detection (0:10) Tools l - an expensive camera (0:82) m - an uncursed credit card n - an uncursed towel Spells and supernatural/magical abilities: Name Level Category Fail Memory W - pray for help -- divine ? -- Your skills at the end: Fighting Skills Weapon Skills dart [Basic] Spellcasting Skills Final Attributes: You were nominally aligned. You were hallucinating. You could walk on water. You are dead. Vanquished creatures: a large mimic a shrieker an elf zombie a monkey 5 dwarf zombies 2 iguanas 2 coyotes 2 gas spores a hobbit a hobgoblin 2 giant rats 4 cave spiders a brown mold 2 yellow molds 2 green molds a red mold 4 gnomes a gnome zombie 4 geckos 11 jackals 3 goblins 5 sewer rats 11 grid bugs a bat 5 lichens a kobold zombie 4 newts and a partridge in a pear tree 79 creatures vanquished. Voluntary challenges: You were vegetarian. You had followed a strict vegan diet until turn 3562. You used a wielded weapon 5 times, starting on turn 2432. You read items or engraved 19 times, starting on turn 120. You never genocided any monsters. You never polymorphed an object. You never changed form. You used no wishes. You never split a pudding. You wrote Elbereth's name 13 times, starting on turn 121. You never violated your personal moral code. Dungeon overview: The Dungeons of Doom: levels 1 to 6 Level 1 a long staircase Level 2 a fountain stairs to The Gnomish Mines Level 3 an altar to Offler, some fountains Level 4 a general store Level 5 many fountains Level 6 <- You were here The Gnomish Mines: Level 3 stairs to The Dungeons of Doom History has recorded: On T:1 you entered the Dungeons of Doom to retrieve the Amulet of Yendor! On T:119 you reached level 2 of The Dungeons of Doom. On T:289 you reached level 1 of The Gnomish Mines. On T:639 you reached level 3 of The Dungeons of Doom. On T:1275 you reached level 4 of The Dungeons of Doom. On T:2046 you advanced to experience level 2. On T:2466 you advanced to experience level 3. On T:2856 you reached level 5 of The Dungeons of Doom. On T:3715 you reached level 6 of The Dungeons of Doom. Score breakdown: Gold: 319 ( 8521 points) Experience: 3 levels ( 7878 points) Exploration: 6 levels ( 12.00%) ( 9583 points) Discoveries: 9 items ( 3.02%) ( 5213 points) Valuables value: (no points given unless you survive) Artifact value: 0 ( 0 points) Variety of kills: 27 monsters ( 7.09%) ( 7986 points) Turncount: 3821 turns ( -957 points) Survival: died (score multiplied by 80%) Total score: 30579 Latest messages: The crocodile bites! You miss the golden naga. The gnome lord misses. The arch-lich bites! The venus flytrap misses. The wood golem misses. The jaguar bites! The sergeant bites! The gnu bites! The amazon misses. You write in the dust with your fingers. The nalfeshnee just misses! You wipe out the message that was written in the dust here. You write in the dust with your fingers. The winter wolf cub misses. The kobold bites! You die... Final status: Aloha Zazza the Tourist, killed by a hallucinogen-distorted kitten... You died in The Dungeons of Doom on dungeon level 6 with 30579 points, and 677 pieces of gold, after 3821 moves. You were level 3 with a maximum of 22 hit points when you died.